 Dungeon Crawl Stone Soup version 0.27.0-1-g7a089689b8 (webtiles) character file.

Game seed: 10053279573181699085

14 SnakkuSnakku7 the Skirmisher (level 2, -1/16 HPs)
             Began as a Vine Stalker Berserker on Aug 11, 2021.
             Was a Follower of Trog.
             Slain by a goblin (2 damage)
             ... on level 1 of the Dungeon.
             The game lasted 00:00:30 (194 turns).

SnakkuSnakku7 the Skirmisher (VSBe)                  Turns: 194, Time: 00:00:31

Health: -1/16      AC:  2    Str: 19    XL:     2   Next: 41%
Magic:  0/3        EV: 12    Int:  7    God:    Trog [*.....]
Gold:   54         SH:  0    Dex: 13    Spells: 1/1 levels left

rFire    . . .     SeeInvis .   a - +0 hand axe
rCold    . . .     Faith    .   (no shield)
rNeg     . . .     Spirit   +   b - +0 animal skin
rPois    .         Reflect  .   (no helmet)
rElec    .         Harm     .   (no cloak)
rCorr    .         Rampage  .   (no gloves)
Will     .....                  (no boots)
Stlth    +.........             (no amulet)
HPRegen  0.05/turn              (no ring)
MPRegen  0.08/turn              (no ring)

@: on berserk cooldown
A: fangs 2, magic shield, antimagic bite, no potion heal 2
a: Renounce Religion, Berserk


You were on level 1 of the Dungeon.
You worshipped Trog.
Trog was aware of your devotion.
You visited 1 branch of the dungeon, and saw 1 of its levels.

You collected 54 gold pieces.

Inventory:

Hand Weapons
 a - a +0 hand axe (weapon)
Armour
 b - a +0 animal skin (worn)


   Skills:
 + Level 3.1 Fighting
 + Level 3.1 Axes
 - Level 1.5 Armour
 - Level 1.5 Dodging


You had one spell level left.
You didn't know any spells.
Your spell library was empty.

Dungeon Overview and Level Annotations

Branches:
Dungeon (1/15)

Altars:


Innate Abilities, Weirdness & Mutations

You have extremely sharp teeth.
When hurt, damage is shared between your health and your magic reserves.
Your bite disrupts and absorbs the magic of your enemies.
Potions cannot restore your health.


Message History

You kill the hobgoblin!
Trog accepts your kill.
You slash the giant cockroach!
You kill the giant cockroach!
Trog accepts your kill.
You see here a hobgoblin corpse.
You feel a strong urge to attack something.
Things that are here:
a +0 club; 3 stones You feel your anger nearly subside.
You are no longer berserk.
You are exhausted.
You feel yourself slow down.
Magic restored.
A goblin comes into view. It is wielding a +0 club.
Found a stone staircase leading down.
A goblin is nearby!
A goblin is nearby!
A goblin is nearby!
The goblin hits you with a +0 club.
* * * LOW HITPOINT WARNING * * *
You closely miss the goblin. Your bite misses the goblin.
The goblin hits you with a +0 club.
* * * LOW HITPOINT WARNING * * *
You miss the goblin. You bite the goblin. You drain its power.
You feel invigorated.
The goblin is moderately wounded.
The goblin hits you with a +0 club. The goblin closely misses you.
You barely miss the goblin.
The goblin is moderately wounded.
The goblin closely misses you. The goblin hits you but does no damage.
You completely miss the goblin. Your bite misses the goblin.
The goblin is moderately wounded.
The goblin hits you with a +0 club.
* * * LOW HITPOINT WARNING * * *
You hit the goblin. You bite the goblin. You drain its power.
You feel invigorated.
The goblin is severely wounded.
You feel yourself speed up. The goblin hits you with a +0 club.
You die...

#.........# #.........#
#.........# #.........#
#####
#.........########......
#.........#...g...$.....
#.........#.######......
#..)......#.# >....
#######...†..@g...# .g..
#....†....(.....### ...
##.######.......## ..
###..# ##.....## .
#...## ##.#### ..### #.#
.## #.# .############.#
.##.........#


You could see a goblin.

Vanquished Creatures
  2 bats (D:1)
  A giant cockroach (D:1)
  A hobgoblin (D:1)
  4 jackals (D:1)
  2 ball pythons (D:1)
  A frilled lizard (D:1)
  2 kobolds (D:1)
13 creatures vanquished.

Notes
Turn   | Place    | Note
-------+----------+-------------------------------------------
     0 | D:1      | SnakkuSnakku7 the Vine Stalker Berserker began the quest
                  | for the Orb.
     0 | D:1      | Reached XP level 1. HP: 11/11 MP: 2/2
     2 | D:1      | Noticed a minotaur
     2 | D:1      | Noticed a barachi
     4 | D:1      | Noticed an elf
     4 | D:1      | Noticed a djinni
     6 | D:1      | Noticed a gargoyle
     8 | D:1      | Noticed a demigod
     8 | D:1      | Noticed a dwarf
    10 | D:1      | Noticed a draconian
    10 | D:1      | Noticed a vine stalker
    12 | D:1      | Noticed a human
    12 | D:1      | Noticed a spriggan
    14 | D:1      | Noticed an octopode
    14 | D:1      | Noticed a troll
    16 | D:1      | Noticed a ghoul
    16 | D:1      | Noticed a palentonga
    18 | D:1      | Noticed a merfolk
    18 | D:1      | Noticed a demonspawn
    20 | D:1      | Noticed a formicid
    20 | D:1      | Noticed an ogre
    22 | D:1      | Noticed a vampire
    24 | D:1      | Noticed a naga
    26 | D:1      | Noticed a felid
    26 | D:1      | Noticed a tengu
   143 | D:1      | Reached XP level 2. HP: 10/16 MP: 3/3
   194 | D:1      | Slain by a goblin

Illustrated notes

Levels and vault maps discovered:
D:1:      kb_arrival_jail, layout_rooms, minmay_hexomino_p4

Skill      XL: |  1 |
---------------+----+-----
Fighting       | 3 |  3.1
Axes           | 3 |  3.1
Armour         | |  1.5
Dodging        | |  1.5

Action                   || total
-------------------------++-------
Melee: Hand axe          ||    36
       Bite              ||    10
Invok: Berserk           ||     1
Armor: Animal skin       ||     9
Dodge: Dodged            ||    28
